AoeStats
← happyhoeker

Arabia

510504889Analyzed
1v1 RM · 1d ago on Oct 1, 2026· 58m 30s· 2 players
Game mode
Random Map
Map size
Tiny (2 player)
Population
200
Speed
Normal
Resources
Standard
Victory
Conquest
Starting age
Dark Age
Ending age
Imperial Age
RankedLock teamsTeams togetherTeam positionsShared explorationLock speedFull tech treeHidden civsTurbo modeCheats
Victory
Defeat
🇳🇱 Malians · Netherlands
1213
+16
🇷🇴 Bulgarians · Romania
1223
-16
happyhoeker
9:47 Loom
12:04 Feudal Age
10:59 Loom
13:05 Man-at-Arms
16:02 Double-Bit Axe
19:06 Fletching
23:07 Castle Age
21:14 Gold Mining
23:23 Padded Archer Armor
23:45 Bodkin Arrow
23:12 Crossbowman
23:51 Horse Collar
25:51 Leather Archer Armor
26:52 Thumb Ring
28:09 Wheelbarrow
32:01 Ballistics
33:22 Scale Barding Armor
33:31 Bloodlines
33:23 Husbandry
34:32 Masonry
34:46 Forging
36:50 Hand Cart
38:14 Bloodlines
38:31 Chain Barding Armor
38:47 Iron Casting
38:11 Stone Mining
42:43 Imperial Age
41:43 Masonry
41:37 Heavy Plow
42:49 Bow Saw
43:34 Arbalester
43:38 Cavalier
45:44 Architecture
48:53 Chemistry
53:50 Heavy Camel Rider
55:28 Plate Barding Armor
57:58 Gold Shaft Mining
57:41 Light Cavalry
ClausJohanis
7:48 Loom
10:12 Feudal Age
12:04 Forging
12:18 Scale Mail Armor
14:11 Arson
15:41 Horse Collar
20:43 Padded Archer Armor
24:04 Castle Age
26:04 Chain Mail Armor
27:25 Gambesons
32:01 Wheelbarrow
33:25 Double-Bit Axe
37:45 Heavy Plow
41:47 Imperial Age
41:07 Scale Barding Armor
42:01 Chain Barding Armor
42:48 Iron Casting
42:25 Town Watch
44:49 Plate Barding Armor
46:40 Gold Mining
47:36 Elite Konnik
48:55 Bloodlines
49:18 Stirrups
51:39 Blast Furnace
51:09 Conscription
56:47 Crop Rotation
57:55 Hand Cart
57:55 Bow Saw
Connection lost

Rejoining the realm…

Still unreachable

The connection could not be restored.

Session expired

The server has moved on; the page needs a fresh start.